[Event "Champions Chess Tour Finals 2024"]
[Date "2024.12.17"]
[White "So, Wesley"]
[Black "Firouzja, Alireza"]
[WhiteElo "2826"]
[BlackElo "2756"]
[Round "2.2"]
[Result "1-0"]
[TimeControl "600+2"]

1. d4 c6 2. c4 d6 3. Nf3 Nf6 4. Nc3 Qc7 5. e4 e5 6. Be2 Be7 7. O-O Nbd7 8.
Qc2 Nf8 9. Rd1 Ng6 10. b4 O-O 11. h3 a5 12. b5 Nd7 13. Rb1 exd4 14. Nxd4 Nc5 15. Be3 Bf6 16. Nf5 Be5 17. g3 Re8 18. Bf3 f6 19. Ne2 Be6 20.
bxc6 Qxc6 21. Bg2 Na4 22. Rdc1 Rec8 23. f4 Bb2 24. Rxb2 Nxb2 25. Qxb2 Qd7 26. Rd1 Qa4 27. Rxd6 Qxc4 28. Ned4 Qxa2 29. Qxb7 Bf7 30. Nc6 Re8 31. e5 Qb3 32. Qxb3 Bxb3 33. Ncd4 Ba2 34. Bxa8 1-0

[Variant "Standard"]
[Site "Europe Echecs"]

[Event "Champions Chess Tour Finals 2024"]
[Date "2024.12.17"]
[White "Nepomniachtchi, Ian"]
[Black "Carlsen, Magnus"]
[WhiteElo "2758"]
[BlackElo "2838"]
[Round "2.2"]
[Result "1/2-1/2"]
[TimeControl "600+2"]

1. e4 e5 2. Nf3 Nc6 3. Bc4 Bc5 4. d3 Nf6 5. Nc3 h6 6. Be3 Bb6 7. Bxb6 axb6 8.
d4 exd4 9. Nxd4 O-O 10. Ndb5 Re8 11. O-O d6 12. Re1 Ne5 13.
Bf1 Bd7 14. Qd2 Ng6 15. a4 Bxb5 16. Bxb5 c6 17. Bf1 Qc7 18.
Rad1 Rad8 19. f4 Nf8 20. g3 Ne6 21. Bg2 b5 22. axb5 cxb5 23. h3 b4 24. Nd5 Nxd5 25. exd5 Qb6+ 26. Kh2 Nc5 27. b3 Nd7 28.
g4 Qc5 29. Re2 Rxe2 30. Qxe2 Nf6 31. Qc4 Qxc4 32. bxc4 Rc8 33. Bf1 Ne4 34. Kg2 Kf8 35. Rb1 Nc5 36. Rxb4 Ra8 37. Bd3 Ra3 38.
g5 hxg5 39. fxg5 g6 40. h4 Ra1 41. Rb2 Ke7 42. Be2 Re1 43. Kf2 Rh1 44. Kg3 Re1 45. Kf2 Rh1 46. Kg3 Re1 1/2-1/2

[Variant "Standard"]
[Site "Europe Echecs"]

[Event "Champions Chess Tour Finals 2024"]
[Date "2024.12.17"]
[White "Keymer, Vincent"]
[Black "Lazavik, Denis"]
[WhiteElo "2649"]
[BlackElo "2553"]
[Round "2.2"]
[Result "1/2-1/2"]
[TimeControl "600+2"]

1. Nf3 d5 2. g3 Nf6 3. Bg2 e6 4. O-O Be7 5. d3 O-O 6. Nbd2 Nc6 7. d4 a5 8. c3 b6 9. Qc2 Bb7 10. e4 dxe4 11. Nxe4 Nxe4 12. Qxe4 a4 13. Re1 Na5 14. Qe2 h6 15. Bf4 Bd6 16. Be3 Bd5 17. Nd2 Be7 18. Qg4 Kh7 19. Qh5 Bxg2 20. Kxg2 c6 21. Kg1 Qd5 22. Qd1 b5 23. Bf4 Qd7 24. Qg4 Bd6 25.
Bxd6 Qxd6 26. Re5 Rad8 27. Rae1 Qc7 28. Qh4 Rd5 29. g4 Kg8 30.
Qg3 Nc4 31. Nxc4 bxc4 32. h4 Rb8 33. R1e2 Rbb5 34. g5 hxg5 35. hxg5 Rxe5 36. dxe5 Qd8 37. Kg2 Qd3 38. Qg4 g6 39. a3 Kf8 40. Qe4 Qd5 41. Kg3 Qd3+ 42. Kg2 Qd5 43. Kg3 Qd3+ 44. Kg2 Qd5 1/2-1/2

[Variant "Standard"]
[Site "Europe Echecs"]

[Event "Champions Chess Tour Finals 2024"]
[Date "2024.12.17"]
[White "Lazavik, Denis"]
[Black "Keymer, Vincent"]
[WhiteElo "2553"]
[BlackElo "2649"]
[Round "2.3"]
[Result "1-0"]
[TimeControl "600+2"]

1. c4 e6 2. Nc3 d5 3. d4 Nf6 4. cxd5 exd5 5. Bg5 Be7 6. e3 h6 7. Bh4 O-O 8.
Bd3 c6 9. Nge2 Nbd7 10. O-O Re8 11. a4 Nh5 12. Bxe7 Qxe7 13. a5 g6 14. Qd2 Ndf6 15. Rfe1 Ng7 16. Ng3 h5 17. e4 h4 18.
exd5 Qd8 19. Nge4 Nxd5 20. h3 Bf5 21. Qh6 Bxe4 22. Bxe4 Nxc3 23. bxc3 Qf6 24. Bf3 Rad8 25. Rab1 Rxe1+ 26. Rxe1 Re8 27. Rb1 Re7 28.
Qd2 Nf5 29. Qf4 Qd6 30. Qg5 Kg7 31. Bg4 Qf6 32. Qd2 Nd6 33. Qa2 Ne4 34. Qc2 Nd6 35. Qd3 Qf4 36. Bf3 a6 37. c4 Nf5 38. Rd1 Qd6 39. d5 c5 40.
Be2 Nd4 41. Bf1 Qf6 42. Rb1 Qf4 43. Qa3 Ne2+ 44. Bxe2 Rxe2 45. Qxc5 Rc2 46. Qe3 Rxc4 47. Qxf4 Rxf4 48. d6 Rd4 49. Rxb7 Rxd6 50. Rb6 Rd1+ 51. Kh2 Rd2 52. f3 Ra2 53. Rxa6 Ra1 54. Ra7 g5 55.
Ra8 Kh7 56. Ra6 Kg7 57. Ra8 Kh7 58. a6 Kg7 59. a7 Kh7 60. g4 hxg3+ 61. Kxg3 Ra4 62. Kf2 Kg7 63. Ke3 Ra1 64. Kd4 Ra5 65. Kc4 Ra1 66. Kc5 Ra2 67.
Kb6 Rb2+ 68. Kc6 Rc2+ 69. Kd6 Ra2 70. Ke5 Ra5+ 71. Ke4 Ra4+ 72. Kf5 Ra5+ 73. Kg4 Kh7 74. Re8 Rxa7 75. Kxg5 Kg7 76. h4 Ra1 77.
Re4 Ra5+ 78. Kf4 Ra1 79. Re5 Ra4+ 80. Kg3 f6 81. Rb5 Ra1 82.
Kg4 Ra4+ 83. f4 Kg6 84. h5+ Kh6 85. Rb6 Kg7 86. Rb7+ Kh6 87. Rf7 Ra6 88. Kf5 Ra4 89. Rxf6+ Kxh5 90. Re6 Rb4 91. Re8 Kh6 92.
Re7 Ra4 93. Ke5 Ra5+ 94. Kf6 Ra6+ 95. Re6 Ra5 96. f5 Kh7 97.
Re7+ Kh6 98. Re8 Kh7 99. Re7+ Kh6 100. Ke6 Ra6+ 101. Kf7 Ra5 102. f6 Kg5 103. Kg7 Ra6 104. f7 Rg6+ 105. Kf8 Ra6 106. Rd7 Kf6 107. Kg8 1-0

[Variant "Standard"]
[Site "Europe Echecs"]

[Event "Champions Chess Tour Finals 2024"]
[Date "2024.12.19"]
[White "Nepomniachtchi, Ian"]
[Black "Lazavik, Denis"]
[WhiteElo "2758"]
[BlackElo "2553"]
[Round "2.1"]
[Result "1/2-1/2"]
[TimeControl "600+2"]

1. e4 c5 2. Nf3 Nc6 3. Bb5 e6 4. O-O Nge7 5. d4 cxd4 6. Nxd4 Ng6 7. Be3 Be7 8. Be2 O-O 9. c4 Nxd4 10. Qxd4 b6 11. Nc3 Bb7 12. Rad1 Bc6 13. Qd2 Bb4 14. f3 Qf6 15. Rc1 Rfd8 16. a3 Bc5 17. b4 Bxe3+ 18. Qxe3 Qf4 19. Qxf4 Nxf4 20. Rfd1 Kf8 21. Bf1 g5 22. Kf2 Ke7 23. Ke3 Ng6 24. Ne2 Rac8 25. Nd4 h5 26. Rd3 Ne5 27. Rdc3 d6 28. g3 Nd7 29. Be2 Bb7 30. Nb3 Rc7 31. a4 h4 32. a5 hxg3 33.
hxg3 Rh8 34. axb6 axb6 35. Nd4 Nf6 36. c5 bxc5 37. bxc5 dxc5 38. Rxc5 Rxc5 39. Rxc5 Rc8 40. Rxg5 Rc3+ 41. Kd2 Ra3 42. Rb5 Bxe4 43. fxe4 Nxe4+ 44. Kc2 Rxg3 45. Rb3 1/2-1/2

[Variant "Standard"]
[Site "Europe Echecs"]

[Event "Champions Chess Tour Finals 2024"]
[Date "2024.12.19"]
[White "Lazavik, Denis"]
[Black "Nepomniachtchi, Ian"]
[WhiteElo "2553"]
[BlackElo "2758"]
[Round "2.2"]
[Result "0-1"]
[TimeControl "600+2"]

1. d4 Nf6 2. Bg5 e6 3. Nd2 d5 4. e3 c5 5. c3 Be7 6. Bd3 b6 7. Ngf3 O-O 8.
Ne5 Nfd7 9. Qh5 f5 10. Nxd7 Nxd7 11. Bxe7 Qxe7 12. g4 cxd4 13. cxd4 g6 14. Qh3 fxg4 15. Qxg4 e5 16. Qg2 Nf6 17. O-O-O Bg4 18. f3 e4 19. fxg4 exd3 20. Kb1 Rac8 21. Rhf1 Rc2 22. Qf3 Ne4 23.
Qxf8+ Qxf8 24. Rxf8+ Kxf8 25. Nf3 Rf2 26. Ne5 d2 27. h4 Re2 28.
Kc2 Rxe3 29. Rf1+ Ke7 30. Nf3 Re2 31. Rd1 Rg2 32. g5 Ke6 33. Nxd2 Kf5 0-1

[Variant "Standard"]
[Site "Europe Echecs"]

[Event "Champions Chess Tour Finals 2024"]
[Date "2024.12.17"]
[White "Firouzja, Alireza"]
[Black "Lazavik, Denis"]
[WhiteElo "2756"]
[BlackElo "2553"]
[Round "3.1"]
[Result "1-0"]
[TimeControl "600+2"]

1. e4 e5 2. Nf3 Nc6 3. Bc4 Nf6 4. d3 Be7 5. O-O O-O 6. Nc3 d6 7. a4 Na5 8. Ba2 Nc6 9. Re1 Be6 10. a5 Bxa2 11. Rxa2 b6 12. axb6 axb6 13. Rxa8 Qxa8 14. Bg5 h6 15. Bxf6 Bxf6 16. Nd5 Bd8 17. Qa1 Qb7 18.
Qa2 Ne7 19. Ne3 c6 20. Ra1 b5 21. Qa7 Qc8 22. c4 bxc4 23. dxc4 f5 24. c5 dxc5 25. Nxe5 fxe4 26. Nd7 Re8 27. Qa2+ Kh8 28. Qf7 Rg8 29. Rd1 Nd5 30. Nxd5 cxd5 31. Qxd5 Bg5 32. Ne5 Bf6 33.
Nf7+ Kh7 34. Qxe4+ g6 35. h4 Qf5 36. Qe3 Bg7 37. Nd6 Qg4 38. Rd5 Qxh4 39. g3 Qg4 40. Ne4 Rf8 41. Rxc5 Qf3 42. Qxf3 Rxf3 43. b4 Rb3 44. b5 Bd4 45. Rd5 Bg7 46. Kg2 g5 47. g4 Bf8 48. Ng3 Kg6 49. Nf5 h5 50.
Nd4 Rb1 51. gxh5+ Kxh5 52. Ne6 Be7 53. Nd4 Rb2 54. Nf5 Bf6 55. Nd6 Be7 56. Nc4 Rb4 57. Ne5 Rb2 58. Nd3 Rb1 59. Kf3 Kg6 60. Ke4 Kf6 61. Kd4 Ke6 62. Kc4 Bd6 63. Rxg5 Be7 64. Re5+ Kd6 65. Rd5+ Ke6 66. f4 Bf6 67. f5+ Ke7 68. Rc5 Bg5 69. Rc6 Bh4 70.
Re6+ Kd7 71. Nc5+ Kc7 72. Rc6+ Kd8 73. b6 Rc1+ 74. Kb5 Rb1+ 75. Ka6 Ra1+ 76. Kb5 Rb1+ 77. Kc4 Rc1+ 78. Kd5 Rd1+ 79. Ke6 Re1+ 80. Kf7 Bg3 81. b7 Re7+ 82. Kg6 Re3 83. Rc8+ Ke7 84. f6+ 1-0

[Variant "Standard"]
[Site "Europe Echecs"]

[Event "Champions Chess Tour Finals 2024"]
[Date "2024.12.17"]
[White "Keymer, Vincent"]
[Black "Aronian, Levon"]
[WhiteElo "2649"]
[BlackElo "2818"]
[Round "3.1"]
[Result "1/2-1/2"]
[TimeControl "600+2"]

1. c4 Nf6 2. Nf3 b6 3. d4 e6 4. g3 Ba6 5. b3 d5 6. Bg2 Bb4+ 7. Bd2 Bd6 8.
O-O O-O 9. Nc3 Nbd7 10. e4 Nxe4 11. Nxe4 dxe4 12. Ng5 Bb7 13. Nxe4 f5 14. Ng5 Bxg2 15. Kxg2 Qf6 16. Nf3 f4 17. Qe2 e5 18.
dxe5 Nxe5 19. Bc3 Rae8 20. Bxe5 Bxe5 21. Rae1 fxg3 22. fxg3 Qc6 23. Qe4 Qxe4 24. Rxe4 Bf6 25. Rfe1 Rd8 26. g4 h6 27. h4 a5 28.
R1e2 Rd6 29. g5 hxg5 30. hxg5 Bc3 31. Re7 Rf7 32. Kg3 g6 33.
R2e6 Rxe6 34. Rxe6 Kh7 35. Nh4 Rg7 36. Kg4 Bd4 37. Nf3 Rd7 38. Nd2 Kg7 39. Ne4 Kf7 40. Rc6 Be5 41. c5 b5 42. Ra6 a4 43. bxa4 Rd4 44. Kf3 Rxa4 45. Rxa4 bxa4 46. Nd2 Bd4 47. c6 Ke6 48. Ke4 Bc5 49. Nf3 Be7 50.
Ne5 Bxg5 51. Nxg6 Kd6 52. Ne5 Bf6 53. Nc4+ Kxc6 54. Kd3 Kc5 55. Nd2 Kb4 56. Kc2 c5 57. Ne4 Be5 58. Nf2 c4 59. Ne4 Bd4 60. Nd2 Bc5 61. Ne4 Be3 62.
Nf6 Bd4 63. Ne4 Ka3 64. Kb1 c3 65. Ng3 Bf6 66. Ne2 Be5 67. Nc1 Bf4 68. Nd3 Be3 69. Ne5 Bd4 70. Nd3 Be3 71. Ne5 Bf4 72. Nd3 Bg3 73. Nc1 Bh4 74. Nd3 c2+ 75. Kxc2 Kxa2 76. Nc5 Be7 1/2-1/2

[Variant "Standard"]
[Site "Europe Echecs"]

[Event "Champions Chess Tour Finals 2024"]
[Date "2024.12.17"]
[White "Carlsen, Magnus"]
[Black "So, Wesley"]
[WhiteElo "2838"]
[BlackElo "2826"]
[Round "3.1"]
[Result "0-1"]
[TimeControl "600+2"]

1. c4 e5 2. g3 Nf6 3. Bg2 c6 4. d4 Bb4+ 5. Bd2 Bxd2+ 6. Qxd2 d6 7. Nc3 O-O 8. Rd1 Nbd7 9. Nf3 e4 10. Ng5 d5 11. cxd5 cxd5 12. O-O h6 13.
Nh3 Re8 14. f3 exf3 15. exf3 Nf8 16. Nf4 Qd6 17. Rfe1 Bd7 18. Nd3 Ng6 19. Bf1 h5 20. Kf2 h4 21. Nc5 Bc6 22. Bh3 b6 23. Nd3 Bd7 24. Bxd7 Qxd7 25. g4 Qd6 26. Kg2 Nh7 27. f4 Nf6 28. f5 Nf8 29. Qf4 Qxf4 30. Nxf4 Nxg4 31. Ncxd5 Nh7 32. h3 Nh6 33. f6 g5 34. Ne7+ Kf8 35. Nfd5 Nxf6 36. Nc7 Rxe7 37. Nxa8 Nd5 38. Re5 Rxe5 0-1

[Variant "Standard"]
[Site "Europe Echecs"]

[Event "Champions Chess Tour Finals 2024"]
[Date "2024.12.17"]
[White "Vachier-Lagrave, Maxime"]
[Black "Nepomniachtchi, Ian"]
[WhiteElo "2763"]
[BlackElo "2758"]
[Round "3.1"]
[Result "1/2-1/2"]
[TimeControl "600+2"]

1. e4 e5 2. Nf3 Nf6 3. Nxe5 d6 4. Nf3 Nxe4 5. Qe2 Qe7 6. g3 Nf6 7. Qxe7+ Bxe7 8. Bg2 d5 9. O-O O-O 10. d3 Bd6 11. Re1 c6 12. a4 a5 13. b3 Na6 14. Bb2 Nd7 15.
Re2 Ndc5 16. Nc3 Bg4 17. Nd1 Rfe8 18. Ne3 Bd7 19. d4 Ne4 20.
c4 Nb4 21. Rd1 f6 22. Ne1 Be6 23. Nd3 Nxd3 24. Rxd3 Bf7 25. Rd1 Bb4 26. cxd5 cxd5 27. Rc1 Nd2 28. Rc7 Bh5 29. Bxd5+ Kh8 30. Rxd2 Bxd2 31. Bxb7 Ra7 32. d5 Rb8 33. Rc8+ Rxc8 34. Bxc8 Bb4 35. Kg2 Rc7 36. Be6 Bf7 37. Bxf7 Rxf7 38. Kf3 Kg8 39. Bd4 Rb7 40.
Nc4 Rd7 41. Ke4 Re7+ 42. Kd3 Re1 43. Bb6 Rd1+ 44. Ke4 Re1+ 45. Kd3 Rd1+ 46. Ke4 Re1+ 1/2-1/2

[Variant "Standard"]
[Site "Europe Echecs"]

[Event "Champions Chess Tour Finals 2024"]
[Date "2024.12.17"]
[White "Lazavik, Denis"]
[Black "Firouzja, Alireza"]
[WhiteElo "2553"]
[BlackElo "2756"]
[Round "3.2"]
[Result "1-0"]
[TimeControl "600+2"]

1. c4 e6 2. Nf3 d5 3. cxd5 exd5 4. g3 Nf6 5. Bg2 Bd6 6. O-O O-O 7. Nc3 Re8 8.
d3 h6 9. a3 a5 10. Qc2 Na6 11. e4 c6 12. Re1 Bg4 13. h3 Bxf3 14. Bxf3 Be5 15. Bg2 Bd4 16. Re2 Nc5 17. Bd2 Qb6 18. Rf1 Qb3 19. Qb1 dxe4 20. dxe4 Rad8 21. Be3 Bxc3 22. Bxc5 Qb5 23. Rc2 Qxc5 24. Rxc3 Qd4 25. Re1 Nd7 26. Rd3 Qb6 27. Qc2 Ne5 28. Rb3 Qa7 29. Kh2 a4 30.
Rbe3 Qd4 31. f4 Nd3 32. R1e2 Qc5 33. e5 Qb6 34. h4 Qb3 35. Be4 Qxc2 36. Rxc2 Nxe5 37. fxe5 Rd4 38. Bf3 g5 39. hxg5 hxg5 40. Rce2 g4 41. Be4 Kg7 42.
Bc2 Rh8+ 43. Kg2 Rhd8 44. Re4 Rxe4 45. Bxe4 Kh6 46. Kf2 Re8 47.
Bc2 b5 48. Re4 Kg5 49. Bd1 Rd8 50. Bxg4 Rd2+ 51. Re2 Rd4 52. Bf3 c5 53. Rc2 c4 54. Bc6 c3 55. bxc3 1-0

[Variant "Standard"]
[Site "Europe Echecs"]

[Event "Champions Chess Tour Finals 2024"]
[Date "2024.12.17"]
[White "Aronian, Levon"]
[Black "Keymer, Vincent"]
[WhiteElo "2818"]
[BlackElo "2649"]
[Round "3.2"]
[Result "0-1"]
[TimeControl "600+2"]

1. e4 e5 2. Nf3 Nc6 3. Bc4 Nf6 4. d3 Bc5 5. Nc3 h6 6. Be3 Bb6 7. Nd5 d6 8.
Nxb6 axb6 9. a3 O-O 10. O-O Re8 11. Re1 Be6 12. Bb5 Bd7 13. Bd2 Ne7 14. Bxd7 Qxd7 15. d4 exd4 16. Nxd4 c5 17. Nb3 Ng6 18.
f3 d5 19. Bc3 d4 20. Bd2 Qb5 21. Qe2 Qa4 22. Qf2 Ne5 23. Bf4 Ng6 24. Bg3 Nh5 25. Rac1 d3 26. Rcd1 Ngf4 27. Nc1 dxc2 28. Rd2 Rad8 29. Rxc2 Rd7 30. Rd2 Red8 31. Rxd7 Rxd7 32. Bxf4 Nxf4 33. Qe3 Rd1 34. g3 Ne6 35. Kf2 Qc2+ 36. Ne2 Rxe1 37. Kxe1 Qxb2 38. f4 Nd4 39. Nxd4 cxd4 40. Qd3 Qxh2 41. e5 Qb2 42. Kd1 b5 43.
Qf5 Qb3+ 44. Kd2 Qc3+ 45. Ke2 Qc4+ 46. Kd2 Qc3+ 47. Ke2 g6 48.
Qd7 Qxa3 49. Qxd4 Qa2+ 50. Ke1 Qc4 51. Qd8+ Kh7 52. Qe7 b6 53.
f5 gxf5 54. Qd7 Qe6 55. Qxb5 f6 56. Kf2 fxe5 57. Qd3 Kg7 58. Qd8 Qf6 59. Qd7+ Qf7 60. Qd6 e4 61. Qxb6 Qe7 62. Qc6 h5 63. Qc8 Qf6 64. Qc7+ Kg6 65. Qf4 Qd4+ 66. Kg2 Qb2+ 67. Kh3 Qf6 68. Qb8 Qe6 69. Kg2 e3 70.
Kf1 Qc4+ 71. Kg1 Qc1+ 72. Kg2 Qc6+ 73. Kg1 Qe6 74. Kf1 Qc4+ 75. Kg2 Qc2+ 76. Kh3 Qc6 77. Kh2 h4 78. Qg8+ Kf6 79. Qh8+ Ke7 80. Qxh4+ Qf6 81. Qb4+ Qd6 82. Qh4+ Kd7 83. Qg5 e2 84. Qg7+ Qe7 85.
Qd4+ Ke8 86. Qh8+ Kd7 87. Qd4+ Qd6 88. Qg7+ Kc6 89. Qc3+ Kd7 90. Qg7+ Kc8 91. Qh8+ Qd8 92. Qc3+ Qc7 93. Qe1 Qe5 94. Kg2 Qe3 95.
Kh3 0-1

[Variant "Standard"]
[Site "Europe Echecs"]

[Event "Champions Chess Tour Finals 2024"]
[Date "2024.12.17"]
[White "So, Wesley"]
[Black "Carlsen, Magnus"]
[WhiteElo "2826"]
[BlackElo "2838"]
[Round "3.2"]
[Result "0-1"]
[TimeControl "600+2"]

1. d4 Nf6 2. c4 e6 3. Nc3 Bb4 4. Qc2 d6 5. Nf3 Nbd7 6. e3 b6 7. Be2 Bb7 8.
O-O Bxc3 9. Qxc3 Ne4 10. Qc2 f5 11. d5 exd5 12. Nd4 dxc4 13. Ne6 Qc8 14. f3 Ke7 15. Nxg7 Qf8 16. Nh5 Nec5 17. Qxc4 Ne5 18. Qh4+ Kd7 19. b4 Ne6 20. Bb2 Qe7 21. Qxe7+ Kxe7 22. f4 Rhg8 23. Ng3 Rxg3 24. hxg3 Ng4 25. Bxg4 fxg4 26. f5 Ng5 27. b5 a6 28.
a4 Ne4 29. a5 Nxg3 30. Rfe1 bxa5 31. f6+ Ke6 32. Rxa5 axb5 33. Rxb5 Be4 34. Ra1 Rc8 35. Rg5 h5 36. Rg7 Nf5 37. Rh7 Rb8 38.
Bc3 c5 39. Kh2 h4 40. Raa7 h3 41. Rhe7+ Kd5 42. f7 Nxe7 43.
Rxe7 hxg2 44. Rxe4 Kxe4 45. Bg7 Kf3 46. Kg1 Rb1+ 0-1

[Variant "Standard"]
[Site "Europe Echecs"]

[Event "Champions Chess Tour Finals 2024"]
[Date "2024.12.17"]
[White "Nepomniachtchi, Ian"]
[Black "Vachier-Lagrave, Maxime"]
[WhiteElo "2758"]
[BlackElo "2763"]
[Round "3.2"]
[Result "1/2-1/2"]
[TimeControl "600+2"]

1. e4 c5 2. Nf3 Nc6 3. Bb5 e6 4. O-O Nge7 5. d4 cxd4 6. Nxd4 Ng6 7. Be3 Be7 8. c3 O-O 9. Be2 Nxd4 10. cxd4 d5 11. e5 f6 12. f4 fxe5 13. fxe5 Rxf1+ 14. Bxf1 Bg5 15. Qd2 Bxe3+ 16. Qxe3 Bd7 17. Nd2 Qb6 18. Nb3 Rf8 19. Bd3 Nf4 20. Rf1 Nxd3 21. Rxf8+ Kxf8 22. Qxd3 Qb4 23. h3 Kg8 24. Kh2 b6 25. a3 Qf8 26.
Qe3 h6 27. Nd2 Qf5 28. Qc3 Bb5 29. Kg1 Bd3 30. a4 Kh7 31. b4 a6 32. a5 bxa5 33.
bxa5 Bb5 34. Qe3 Qc2 35. Nb3 Bd3 36. Nc5 Bf5 37. Nxa6 Qa2 38. Nc5 Qxa5 39. g4 Be4 40. Nxe4 dxe4 41. Qxe4+ Kg8 42. Qe3 Qa2 43.
Qf2 Qb1+ 44. Kg2 Qe4+ 45. Kg3 Qd3+ 46. Kh2 Qe4 47. Qd2 Qf3 48.
Qb2 Qf4+ 49. Kg2 Qe4+ 50. Kf2 Qf4+ 51. Kg2 Qe4+ 52. Kg1 Qe3+ 53. Kg2 1/2-1/2

[Variant "Standard"]
[Site "Europe Echecs"]

[Event "Champions Chess Tour Finals 2024"]
[Date "2024.12.17"]
[White "Firouzja, Alireza"]
[Black "Lazavik, Denis"]
[WhiteElo "2756"]
[BlackElo "2553"]
[Round "3.3"]
[Result "1/2-1/2"]
[TimeControl "600+2"]

1. e4 e5 2. Nf3 Nc6 3. Bc4 Nf6 4. d3 Be7 5. Nc3 O-O 6. a4 d6 7. Bd2 Bg4 8. h3 Bxf3 9. Qxf3 Nd4 10. Qd1 c6 11. Ba2 a6 12. O-O b5 13. Be3 Ne6 14. Qf3 Qd7 15.
h4 h5 16. Ne2 Ng4 17. Bd2 g6 18. Qh3 d5 19. exd5 cxd5 20. Nc3 d4 21. Nd5 Rab8 22. axb5 Rxb5 23. Nxe7+ Qxe7 24. b4 Nf4 25.
Bxf4 exf4 26. Bc4 Rxb4 27. Rxa6 Kg7 28. Qf3 Qe5 29. Bb3 Nh6 30.
Qc6 Qe7 31. Rfa1 Re8 32. Rf1 Rf8 33. Qd6 Qxd6 34. Rxd6 Nf5 35. Rd7 Nxh4 36. Ra1 Nf5 37. Raa7 Nh6 38. Kf1 g5 39. Ke2 g4 40. Bc4 Rb2 41. Kd2 Rb1 42. Rxd4 Rg1 43. Bd5 h4 44. Rxf4 Kg6 45. Ra6+ f6 46. Ra5 f5 47.
Rb4 Kg5 48. Rb6 Rf6 49. Rb7 Rf1 50. Ke2 Rc1 51. Rc7 Rd6 52. Kd2 Rf1 53. Ke2 Rc1 54. d4 h3 55. gxh3 gxh3 56. Rg7+ Rg6 57. Rxg6+ Kxg6 58. Ra6+ Kg5 59. f4+ Kh5 60. c4 h2 61. c5 h1=Q 62. Bxh1 Rxh1 63. Rf6 Rc1 64. Kd2 Rc4 65. Kd3 Rc1 66. c6 Ng8 67. Rxf5+ Kg6 68. Rg5+ Kf7 69. d5 Ne7 70. Kd4 Nxc6+ 71. dxc6 Rxc6 72. Ke4 Rc4+ 73. Kf3 Ra4 74. Re5 Ra3+ 75. Kg4 Ra6 76. Rb5 Rc6 77. Rb7+ Kf6 78. Rh7 Kg6 79. Rh5 Ra6 80. f5+ Kg7 81. Kg5 Rb6 82. Rh1 Rb2 83. Rg1 Kf7 84. Rg4 Rc2 85. Ra4 Rg2+ 86. Kf4 Rf2+ 87. Ke4 Re2+ 88. Kd5 Rd2+ 89. Ke5 Re2+ 1/2-1/2

[Variant "Standard"]
[Site "Europe Echecs"]

[Event "Champions Chess Tour Finals 2024"]
[Date "2024.12.17"]
[White "So, Wesley"]
[Black "Carlsen, Magnus"]
[WhiteElo "2826"]
[BlackElo "2838"]
[Round "3.3"]
[Result "0-1"]
[TimeControl "600+2"]

1. e4 c5 2. Nf3 e6 3. d4 cxd4 4. Nxd4 a6 5. g3 d5 6. Nb3 Nf6 7. exd5 exd5 8.
Bg2 Nc6 9. O-O Be7 10. Be3 O-O 11. Nc3 Be6 12. h3 Rc8 13. a3 Re8 14. Re1 h6 15.
Kh2 Bd6 16. Nd4 Nxd4 17. Bxd4 Bc5 18. Ne2 Bxd4 19. Nxd4 Qb6 20. Re3 Bd7 21. Rb3 Qa7 22. Kg1 Ne4 23. Re3 Qb6 24. Rb1 Ng5 25.
Rb3 Qa7 26. h4 Ne4 27. Re3 Qb6 28. Rb3 Qa7 29. Re3 Qb6 30. c3 Nf6 31. Nc2 Bf5 32.
Rf3 Be4 33. Rf4 g5 34. hxg5 hxg5 35. Rxe4 dxe4 36. Ne3 Rcd8 37. Qe2 Qb5 38. c4 Qe5 39. Re1 Rd3 40. Ng4 Nxg4 41. Qxg4 Rd4 42. Qe2 e3 43. fxe3 Qxg3 0-1

[Variant "Standard"]
[Site "Europe Echecs"]

[Event "Champions Chess Tour Finals 2024"]
[Date "2024.12.17"]
[White "Nepomniachtchi, Ian"]
[Black "Vachier-Lagrave, Maxime"]
[WhiteElo "2758"]
[BlackElo "2763"]
[Round "3.3"]
[Result "1-0"]
[TimeControl "600+2"]

1. e4 c5 2. Nf3 Nc6 3. Bb5 g6 4. O-O Bg7 5. Re1 e5 6. Bxc6 dxc6 7. d3 Qe7 8.
a4 Nf6 9. a5 O-O 10. Be3 Bg4 11. Nbd2 Nd7 12. h3 Be6 13.
Ng5 b6 14. Nxe6 Qxe6 15. Ra3 Rfd8 16. axb6 axb6 17. Qa1 Qe8 18. Ra7 Bf8 19. Qa2 Rxa7 20. Qxa7 Ra8 21. Qb7 Qc8 22. Qxc8 Rxc8 23. Ra1 Bd6 24. Nc4 Bc7 25. Ra7 Kf8 26. g3 Ke7 27. Kg2 f6 28.
f4 Ke6 29. Kf3 b5 30. Nd2 Bb6 31. Ra6 Rb8 32. Nb3 f5 33. exf5+ gxf5 34. fxe5 Nxe5+ 35. Ke2 Nd7 36. Nd2 Rg8 37. Bf2 Kd6 38. Nf3 Kc7 39. Nh4 Re8+ 40. Kf3 Ne5+ 41. Kg2 Ng6 42. Nxf5 Re2 43. Ne3 Kb7 44. Rxb6+ Kxb6 45. Kf1 Rxf2+ 46. Kxf2 Kc7 47. Kf3 Kd6 48.
Ke4 Ke6 49. g4 Kf6 50. Nf5 Kg5 51. Kf3 h5 52. gxh5 Kxh5 53. Kg3 Kg5 54. Nd6 Kh5 55. Nf7 c4 56. dxc4 bxc4 57. c3 c5 58. Kf3 Kh4 59. Ke4 1-0

[Variant "Standard"]
[Site "Europe Echecs"]

[Event "Champions Chess Tour Finals 2024"]
[Date "2024.12.18"]
[White "Firouzja, Alireza"]
[Black "Nepomniachtchi, Ian"]
[WhiteElo "2756"]
[BlackElo "2758"]
[Round "4.1"]
[Result "1/2-1/2"]
[TimeControl "600+2"]

1. Nf3 d5 2. c4 e6 3. g3 Nf6 4. Bg2 Be7 5. O-O O-O 6. d4 dxc4 7. Na3 Bxa3 8.
bxa3 Bd7 9. Ne5 Bc6 10. Nxc6 Nxc6 11. Bb2 Nd5 12. Rc1 Nb6 13.
e3 Qe7 14. Rb1 Rfd8 15. Qc1 Rab8 16. Ba1 e5 17. d5 Nxd5 18.
Qxc4 Nb6 19. Qc2 Rd6 20. a4 Rbd8 21. Bc3 a5 22. Be4 h6 23. Rfc1 Qe6 24. Be1 g6 25.
Qb3 Qxb3 26. axb3 Nd5 27. g4 R8d7 28. Rc4 Ncb4 29. Bxd5 Rxd5 30. Bxb4 axb4 31. Rxb4 b6 32. Rb2 Rc5 33. Re4 f6 34. b4 Rc1+ 35. Kg2 Ra1 36. b5 Rc1 37.
a5 bxa5 38. Ra4 Kf7 39. Rxa5 h5 40. b6 cxb6 41. Rxb6 Rc4 42. gxh5 Rg4+ 43. Kf3 gxh5 44. Raa6 Rg6 45. Ke4 Rg4+ 46. Kf3 Rg6 47. Ke4 Kg7 48. Kf5 Rf7 49. f4 exf4 50. exf4 h4 51. h3 Rg3 52.
Rxf6 1/2-1/2

[Variant "Standard"]
[Site "Europe Echecs"]

[Event "Champions Chess Tour Finals 2024"]
[Date "2024.12.18"]
[White "So, Wesley"]
[Black "Keymer, Vincent"]
[WhiteElo "2826"]
[BlackElo "2649"]
[Round "4.1"]
[Result "1-0"]
[TimeControl "600+2"]

1. d4 Nf6 2. c4 e6 3. g3 Bb4+ 4. Nd2 d5 5. Bg2 a5 6. Ngf3 dxc4 7. a3 Bxd2+ 8.
Bxd2 a4 9. O-O b5 10. Ne5 Ra6 11. Bb4 Nd5 12. Bc5 Bb7 13. e4 Ne7 14. Qd2 O-O 15.
Qb4 Re8 16. Qxb5 Qc8 17. Qxc4 Nd7 18. Nxd7 Qxd7 19. Rac1 h6 20. Rfd1 Nc8 21. Qd3 Ra8 22. h4 Nd6 23. Bb4 Rac8 24. Rc5 Red8 25. Rd2 Kh8 26. Kh2 Rb8 27. d5 exd5 28. exd5 Re8 29. Rdc2 Rbc8 30. Ba5 Qg4 31. Rxc7 Rxc7 32. Bxc7 Qd7 33. Bxd6 Qxd6 34. Qb5 Re7 35. Qxa4 g5 36. Qb4 Qxb4 37. axb4 gxh4 38. d6 hxg3+ 39. fxg3 Rd7 40. Bxb7 Rxb7 41. Rc7 1-0

[Variant "Standard"]
[Site "Europe Echecs"]

[Event "Champions Chess Tour Finals 2024"]
[Date "2024.12.18"]
[White "Carlsen, Magnus"]
[Black "Vachier-Lagrave, Maxime"]
[WhiteElo "2838"]
[BlackElo "2763"]
[Round "4.1"]
[Result "1-0"]
[TimeControl "600+2"]

1. Nf3 d5 2. e3 Nf6 3. b3 g6 4. Bb2 Bg7 5. c4 c6 6. Be2 O-O 7. O-O Bg4 8.
h3 Bxf3 9. Bxf3 Re8 10. d4 e6 11. Nc3 a5 12. Qc2 Na6 13. Rfd1 Qe7 14. a3 Rab8 15. Rac1 b5 16. Ne2 Nd7 17. cxd5 cxd5 18. Nf4 b4 19. a4 Nb6 20. Qe2 Qa7 21. Nd3 Nd7 22. Rc6 Rec8 23. Rdc1 Rxc6 24. Rxc6 Qb7 25. Qc2 Rd8 26. Qc1 Ndb8 27. Rc2 Nd7 28. Be2 Bf8 29. Ne5 Ndb8 30. h4 Bd6 31. h5 Nc7 32. e4 Bxe5 33. dxe5 Ne8 34. Qg5 Rc8 35. Rxc8 Qxc8 36. exd5 exd5 37. Bb5 Nc6 38. h6 Qe6 39. Qc1 Na7 40. Qc5 Nc8 41. g3 g5 42. Qe3 f6 43. Qd4 Nc7 44. exf6 Nxb5 45. f7+ Kxf7 46. Qg7+ Ke8 47. Qh8+ Kd7 48. Qxh7+ Ne7 49. axb5 Qe2 50. Bf6 a4 51. Qxe7+ 1-0

[Variant "Standard"]
[Site "Europe Echecs"]

[Event "Champions Chess Tour Finals 2024"]
[Date "2024.12.18"]
[White "Lazavik, Denis"]
[Black "Aronian, Levon"]
[WhiteElo "2553"]
[BlackElo "2818"]
[Round "4.1"]
[Result "1-0"]
[TimeControl "600+2"]

1. d4 Nf6 2. c4 e6 3. Nc3 Bb4 4. e3 O-O 5. Bd3 d5 6. cxd5 exd5 7. Nge2 Re8 8.
O-O Bf8 9. Bd2 b6 10. Nf4 Bb7 11. Qf3 c5 12. Rfd1 cxd4 13. exd4 Ne4 14. Rac1 g6 15. Nfxd5 Bxd5 16. Nxd5 Qxd5 17. Re1 Qxd4 18. Rxe4 Rxe4 19. Qxe4 Qxb2 20. Rd1 Nc6 21. Qxc6 Rd8 22. Qc2 Qa3 23.
Be3 b5 24. Bxb5 Rxd1+ 25. Qxd1 Qxa2 26. g3 a5 27. Qd8 Qb1+ 28.
Bf1 Qb4 29. Bh6 a4 30. Qxf8+ Qxf8 31. Bxf8 Kxf8 32. Bc4 f6 33.
Kf1 Ke7 34. Ke2 Kd6 35. Kd3 Ke5 36. f3 g5 37. Ke3 a3 38. Ba2 h5 39. Bb3 Kf5 40.
Kd4 h4 41. Kd5 Kg6 42. Ke6 f5 43. Ke5 1-0

[Variant "Standard"]
[Site "Europe Echecs"]